 Dungeon Crawl Stone Soup version 0.17.1-3-g152610e (webtiles) character file.

339 Gargoyl the Skirmisher (level 6, -1/72 HPs)
             Began as a Demonspawn Abyssal Knight on Mar 12, 2016.
             Was a Priest of Lugonu.
             Slain by Duvessa
             ... wielding a +2 rapier of protection
              (7 damage)
             ... on level 4 of the Dungeon.
             The game lasted 00:10:37 (4529 turns).

Gargoyl the Skirmisher (Demonspawn Abyssal Knight)  Turns: 4529, Time: 00:10:37

Health: -1/72      AC: 11    Str: 19      XL:     6   Next: 29%
Magic:  14/17      EV:  2    Int: 11 (14) God:    Lugonu [***...]
Gold:   225        SH: 13    Dex: 12      Spells: 0 memorised, 5 levels left

rFire  . . .     SeeInvis .     a - +1 hand axe
rCold  . . .     Clarity  .     l - +0 plate armour
rNeg   . . .     SustAt   .     e - +0 large shield
rPois  .         Gourm    .     (helmet restricted)
rElec  .         Spirit   .     (no cloak)
rCorr  .         Warding  .     (no gloves)
rMut   .         Stasis   .     (no boots)
MR     .....                    (no amulet)
Stlth  ..........               (no ring)
                                k - ring of magical power

@: mighty, berserking (expiring), flying, very slightly contaminated, slowed,
not resistant to hostile enchantments, extremely unstealthy
A: antennae 2, nightstalker 1, rot immunity
a: Depart the Abyss, Bend Space, Banish, Renounce Religion


You were on level 4 of the Dungeon.
You worshipped Lugonu.
Lugonu was most pleased with you.
You were hungry.

You visited 1 branch of the dungeon, and saw 4 of its levels.
You visited the Abyss 1 time.

You collected 225 gold pieces.

Inventory:

Hand Weapons
 a - a +1 hand axe (weapon)
 q - a +0 flail
Missiles
 x - 8 javelins (quivered)
Armour
 e - a +0 large shield (worn)
 l - a +0 plate armour (worn)
Jewellery
 k - a ring of magical power (left hand)
Wands
 t - a wand of slowing (24)
Scrolls
 b - 4 scrolls of identify {unknown}
 g - 2 scrolls of random uselessness {unknown}
 j - 2 scrolls of enchant weapon {unknown}
 n - 5 scrolls of remove curse {unknown}
 o - a scroll of teleportation {unknown}
 v - a scroll of fear {unknown}
 y - a scroll of fog {unknown}
Potions
 h - a potion of curing
 s - a potion of ambrosia {unknown}
 u - a potion of agility {unknown}
 w - a potion of brilliance {unknown}
Comestibles
 c - 4 bread rations
 i - 6 meat rations
 z - a slice of pizza


   Skills:
 + Level 4.0 Fighting
 + Level 2.9 Axes
 + Level 2.8 Armour
 + Level 2.1 Dodging
 + Level 3.0 Shields
 + Level 3.1 Invocations


You had 5 spell levels left.
You didn't know any spells.

Dungeon Overview and Level Annotations

Branches:
Dungeon (4/15)
 Temple: D:4-7

Altars:
Elyvilon
Makhleb

Annotations:
D:4 Dowan, Duvessa


Innate Abilities, Weirdness & Mutations

You have a pair of antennae on your head.
You are slightly more attuned to the shadows.
You are immune to rotting.


Message History

* * * LOW HITPOINT WARNING * * *
Duvessa says, "Where magic fails, the sword succeeds!"
You block Duvessa's attack.
Dowan says, "Stay away from my face!"
You slash Duvessa!
Duvessa is severely wounded.
Duvessa hits you with a rapier of protection.
* * * LOW HITPOINT WARNING * * *
Duvessa says, "My weaknesses are his strengths!"
Duvessa hits you with a rapier of protection.
* * * LOW HITPOINT WARNING * * *
You hit Duvessa but do no damage.
Duvessa is severely wounded.
Duvessa hits you with a rapier of protection.
* * * LOW HITPOINT WARNING * * *
Duvessa hits you but does no damage.
You closely miss Duvessa.
Duvessa is severely wounded.
Duvessa hits you with a rapier of protection!
You die...

............ ...........#
#.# .......###.# ##.##
#......###.. ...
#.......#### ...
#......##### #e#
#####....... #e# #.######
#@# # #.# #.###)##.# ##'##
# #........# ##...## #
#####.#### ##.....## #
##.## ##.......###
#########...####.........##
...............'.........'.
#########...####.........##
##.## ##.......###


You could see Duvessa and Dowan.

Vanquished Creatures
  The ghost of Sanvar the Gusty, an amateur TeAE of Qazlal (D:4)
  Ijyb (D:3)
  A worker ant (D:3)
  A hound skeleton (D:4)
  6 adders
  2 worms
  6 orcs
  3 giant cockroaches
  4 goblins
  8 hobgoblins
  12 kobolds
  4 quokkas
  A ball python (D:1)
  13 bats
  2 giant geckos
  6 giant newts
  38 rats
109 creatures vanquished.

Vanquished Creatures (others)
  An orc priest (D:4)
1 creature vanquished.

Grand Total: 110 creatures vanquished

Notes
Turn   | Place    | Note
--------------------------------------------------------------
     0 | Abyss:1  | Gargoyl the Demonspawn Abyssal Knight began the quest for the Orb.
     0 | Abyss:1  | Reached XP level 1. HP: 18/18 MP: 2/2
     0 | Abyss:1  | Found a corrupted altar of Lugonu.
    96 | Abyss:1  | Noticed a vampire
   100 | Abyss:1  | Noticed a large abomination
   102 | Abyss:1  | Noticed a starcursed mass
   102 | Abyss:1  | Noticed a starcursed mass
   104 | D:1      | Escaped the Abyss
   569 | D:1      | Reached * piety under Lugonu
   569 | D:1      | Gained mutation: You are slightly more attuned to the shadows. [demonic ancestry]
   569 | D:1      | Reached XP level 2. HP: 18/24 MP: 4/4
   765 | D:1      | Reached skill level 1 in Dodging
  1250 | D:2      | Gained mutation: You are immune to rotting. [demonic ancestry]
  1250 | D:2      | Reached XP level 3. HP: 12/29 MP: 5/5
  1587 | D:2      | Found a white marble altar of Elyvilon.
  1605 | D:2      | Reached ** piety under Lugonu
  1773 | D:2      | Reached skill level 1 in Shields
  1879 | D:2      | Gained mutation: You have a pair of small antennae on your head. [demonic ancestry]
  1879 | D:2      | Reached XP level 4. HP: 9/35 MP: 6/6
  2639 | D:3      | Noticed Ijyb
  2669 | D:3      | Killed Ijyb
  3191 | D:3      | Gained mutation: You have a pair of antennae on your head. [demonic ancestry]
  3191 | D:3      | Reached XP level 5. HP: 41/41 MP: 7/7
  3320 | D:3      | Found a burning altar of Makhleb.
  3508 | D:3      | Reached *** piety under Lugonu
  3976 | D:4      | Noticed Sanvar's ghost (amateur TeAE)
  3996 | D:4      | Killed Sanvar's ghost
  3996 | D:4      | Reached XP level 6. HP: 17/48 MP: 8/8
  4312 | D:4      | Reached **** piety under Lugonu
  4349 | D:4      | Reached skill level 4 in Fighting
  4458 | D:4      | Noticed Dowan
  4459 | D:4      | Noticed Duvessa
  4529 | D:4      | Slain by Duvessa

Action                   |  1- 3 |  4- 6 || total
-------------------------+-------+-------++-------
Melee: Hand axe          |   177 |   313 ||   490
Invok: Depart the Abyss  |     1 |       ||     1
       Banish            |       |     2 ||     2
  Use: Potion            |     1 |     8 ||     9
  Eat: Chunk             |     3 |    10 ||    13
